 Dungeon Crawl Stone Soup version 0.27.0-1-g7a089689b8 (webtiles) character file.

Game seed: 3451093049420463536

420 SomeFlowers the Cudgeller (level 6, -3/35 HPs)
             Began as a Gargoyle Hedge Wizard on July 31, 2021.
             Was a Believer of Elyvilon.
             Slain by a gnoll (8 damage)
             ... on level 4 of the Dungeon.
             The game lasted 00:11:43 (4666 turns).

SomeFlowers the Cudgeller (Gargoyle Hedge Wizard)   Turns: 4666, Time: 00:11:44

Health: -3/35      AC:  7    Str: 13    XL:     6   Next: 94%
Magic:  10/10      EV: 11    Int: 17    God:    Elyvilon [**....]
Gold:   203        SH:  0    Dex:  9    Spells: 5/11 levels left

rFire    . . .     SeeInvis .   j - +2 flail (protect)
rCold    . . .     Faith    .   (no shield)
rNeg     + . .     Spirit   .   b - +0 robe
rPois    ∞         Reflect  .   c - +0 hat
rElec    +         Harm     .   (no cloak)
rCorr    .         Rampage  .   h - +0 pair of gloves
Will     .....                  (no boots)
Stlth    ++........             (no amulet)
HPRegen  0.11/turn              k - +4 ring of slaying
MPRegen  0.12/turn              y - ring of wizardry

@: no status effects
A: sickness immunity, AC +4, negative energy resistance 1, electricity
resistance, torment resistance 1, petrification resistance
a: Renounce Religion, Lesser Healing, Heal Other, Divine Protection


You were on level 4 of the Dungeon.
You worshipped Elyvilon.
Elyvilon was pleased with you.
You visited 1 branch of the dungeon, and saw 4 of its levels.

You collected 203 gold pieces.

Inventory:

Hand Weapons
 a - a +0 dagger
 d - a +0 whip
 j - a +2 flail of protection (weapon)
 s - a +0 quarterstaff of protection
Missiles
 f - 80 sling bullets
 r - 11 boomerangs
 t - 9 javelins
Armour
 b - a +0 robe (worn)
 c - a +0 hat (worn)
 h - a +0 pair of gloves (worn)
Jewellery
 k - a +4 ring of slaying (left hand)
 v - a ring of positive energy
 y - a ring of wizardry (right hand)
Scrolls
 e - a scroll of vulnerability {unknown}
 i - 5 scrolls of identify
 x - a scroll of amnesia
 A - a scroll of fear
Potions
 g - a potion of ambrosia {unknown}
 l - a potion of resistance {unknown}
 m - a potion of attraction
 n - a potion of invisibility {unknown}
 p - 3 potions of flight {unknown}
 u - a potion of degeneration {unknown}
 z - 2 potions of mutation {unknown}
 C - 2 potions of curing {unknown}


   Skills:
 + Level 1.6 Fighting
 * Level 5.0 Maces & Flails
 - Level 1.5 Dodging
 - Level 2.3 Stealth
 - Level 3.1 Spellcasting
 * Level 3.5 Conjurations
 - Level 0.8 Summonings
 - Level 0.8 Translocations
 * Level 2.0 Invocations


You had 5 spell levels left.
You knew the following spells:

 Your Spells              Type           Power      Damage    Failure   Level
a - Magic Dart            Conj           56%        1d5       1%          1
c - Blink                 Tloc           N/A        N/A       8%          2
d - Conjure Flame         Conj/Fire      8%         6-21      11%         3

Your spell library contained the following spells:

 Spells                   Type           Power      Damage    Failure   Level
 Animate Skeleton         Necr           4%         N/A       7%          1
 Beastly Appendage        Tmut           4%         N/A       7%          1
 Pain                     Necr           8%         1d4       7%          1
 Call Imp                 Summ           5%         N/A       8%          2
 Slow                     Hex            2%         N/A       11%         2
 Wereblood                Tmut           2%         N/A       11%         2
 Mephitic Cloud           Conj/Pois/Air  6%         N/A       13%         3
 Spider Form              Tmut/Pois      1%         N/A       21%         3
 Vampiric Draining        Necr           1%         2d6       21%         3


Dungeon Overview and Level Annotations

Branches:
Dungeon (4/15)
 Temple: D:4-7

Altars:
Elyvilon
Nemelex Xobeh
Ru
Sif Muna
Uskayaw

Annotations:
D:3 1 runed translucent door, exclusion: door, Crazy Yiuf
D:4 1 exclusion, Ijyb


Innate Abilities, Weirdness & Mutations

You are immune to sickness and miasma.
Your stone body is resilient. (AC +4)
You are immune to poison.
You resist negative energy. (rN+)
You are resistant to electric shocks. (rElec)
You are resistant to unholy torment.
You are immune to petrification.


Message History

The orc barely misses you.
As you read the scroll labelled BEIV QIBIREK, it crumbles to dust.
The scroll dissolves into smoke.
It was a scroll of fog.
The orc priest hits you with a +0 falchion.
The orc hits you with a +0 club.
As you read the scroll labelled WAXANY YPNYOM, it crumbles to dust.
Your body is wracked with pain!
The orc priest convulses!
The orc convulses!
The gnoll convulses!
The orc wizard convulses!
Elyvilon forgives your inadvertent evil act, just this once.
It was a scroll of torment.
The orc priest calls upon Beogh to heal the orc.
The orc's wounds heal themselves!
Okay, then.
You closely miss the orc priest.
The orc priest is heavily wounded.
The orc priest hits you with a +0 falchion.
The orc wizard hits you but does no damage.
The orc barely misses you.
As you read the scroll labelled UVA DEOPHUTUSK, it crumbles to dust.
It is a scroll of brand weapon.
Your +0 quarterstaff projects an invisible shield of force!
s - a +0 quarterstaff of protection The orc priest barely misses you.
The orc wizard gestures at you while chanting.
The magic dart hits you but does no damage.
The orc hits you but does no damage.
As you read the scroll labelled RYBALO PYSTREMI, it crumbles to dust.
The creatures around you are filled with an inner flame!
It was a scroll of immolation.
The gnoll hits you with a +0 club!
* * * LOW HITPOINT WARNING * * *
The gnoll misses you.
The orc priest calls upon Beogh to heal the orc wizard.
The orc wizard's wounds heal themselves!
The orc wizard closely misses you. The orc misses you.
As you read the scroll labelled MEPOWK XAENOP, it crumbles to dust.
It is a scroll of identify.
A - a scroll of fear The gnoll closely misses you.
The gnoll hits you from afar with a +0 halberd!
You die...

#...............# .#
#############.#.###.#
#.....†..# #........#
#...§§.§.#####.
#..§§§§§§§.g.o.
#...§§§g######
#..§goo§########
#...§@o§........
################


You could see an orc priest (inner flame), an orc wizard (inner flame), 2 gnolls
and an orc (inner flame).

Vanquished Creatures
  A black bear (D:4)
  A scorpion (D:4)
  An orc priest (D:3)
  A hound (D:4)
  Jessica (D:3)
  Robin (D:3)
  7 adders
  An ufetubus (D:4)
  3 worms
  5 dart slugs
  4 orcs (D:3)
  6 endoplasms
  2 giant cockroaches (D:1)
  3 hobgoblins (D:1)
  10 jackals
  4 kobolds
  7 quokkas
  6 ball pythons
  3 bats
  3 frilled lizards
  17 goblins
  8 rats
95 creatures vanquished.

Notes
Turn   | Place    | Note
-------+----------+-------------------------------------------
     0 | D:1      | SomeFlowers the Gargoyle Hedge Wizard began the quest for
                  | the Orb.
     0 | D:1      | Reached XP level 1. HP: 10/10 MP: 4/4
   380 | D:1      | Reached XP level 2. HP: 15/15 MP: 1/6
   500 | D:1      | Learned a level 1 spell: Pain
   504 | D:1      | Learned a level 2 spell: Blink
   692 | D:1      | Reached skill level 1 in Maces & Flails
   692 | D:1      | Reached XP level 3. HP: 18/19 MP: 7/7
  1378 | D:2      | Found a faded altar of an unknown god.
  1387 | D:2      | Became a worshipper of Elyvilon the Healer
  1387 | D:2      | Reached * piety under Elyvilon
  1462 | D:2      | Reached XP level 4. HP: 24/24 MP: 5/8
  1466 | D:2      | Reached skill level 2 in Maces & Flails
  1662 | D:2      | Learned a level 3 spell: Conjure Flame
  2076 | D:3      | Found a sparkling altar of Nemelex Xobeh.
  2097 | D:3      | Noticed Jessica
  2101 | D:3      | Killed Jessica
  2267 | D:3      | Found a runed translucent door.
  2268 | D:3      | Noticed Crazy Yiuf
  2297 | D:3      | Reached skill level 1 in Invocations
  2299 | D:3      | Reached XP level 5. HP: 28/28 MP: 2/9
  2346 | D:3      | HP: 1/42 [orc (3)]
  2347 | D:3      | Reached skill level 1 in Fighting
  2347 | D:3      | Reached skill level 3 in Maces & Flails
  2762 | D:3      | Reached ** piety under Elyvilon
  2797 | D:3      | Found a shimmering blue altar of Sif Muna.
  2911 | D:3      | Noticed Robin
  2949 | D:3      | Killed Robin
  3431 | D:3      | Found a sacrificial altar of Ru.
  3602 | D:4      | Found a hide-covered altar of Uskayaw.
  3607 | D:4      | Noticed a black bear
  4020 | D:4      | Reached skill level 4 in Maces & Flails
  4020 | D:4      | Reached XP level 6. HP: 34/34 MP: 6/10
  4165 | D:4      | Noticed Ijyb
  4407 | D:4      | Killed a black bear
  4569 | D:4      | Reached skill level 5 in Maces & Flails
  4666 | D:4      | Slain by a gnoll

Illustrated notes

Levels and vault maps discovered:
D:1:      lightli_arrival_isolated_outpost, layout_basic
D:2:      layout_basic, hellmonk_ecumenical_altar_slurped_away
D:3:      layout_loops_corners, nemelex_spade_bored_becter,
          mainiacjoe_overflow_24_doors, marbit_many_paths, uniq_jessica,
          uniq_robin, uniq_crazy_yiuf_cottage
D:4:      layout_loops_ring, kennysheep_mini, uniq_ijyb, uniq_blork_the_orc

Skill      XL: |  1  2  3  4  5  6 |
---------------+-------------------+-----
Conjurations   | 2 3 |  3.5
Maces & Flails | 1 2 4 5 |  5.0
Invocations    | 1 2 |  2.0
Fighting       | 1 |  1.6
Dodging        | |  1.5
Stealth        | |  2.3
Spellcasting   | |  3.1
Summonings     | |  0.8
Translocations | |  0.8

Action                   |  1- 3 |  4- 6 || total
-------------------------+-------+-------++-------
Melee: Dagger            |    10 |       ||    10
       Whip              |    74 |    68 ||   142
       Flail             |       |    94 ||    94
 Cast: Magic Dart        |    38 |    43 ||    81
       Blink             |       |     2 ||     2
       Conjure Flame     |       |     1 ||     1
  Use: Potion            |       |     2 ||     2
       Scroll            |       |     6 ||     6
 Stab: Sleeping          |     4 |     2 ||     6
Armor: Robe              |    18 |    69 ||    87
Dodge: Dodged            |    63 |   109 ||   172
